cohdb
Replays
Latest Replays
All Replays
Popular Replays
Top Player Replays
Match Explorer
How It Works
Community
CoH3 Stats
Reddit
Sign in to upload your games and track your stats! →
Sign in with Steam
Match 39119385
Unlisted
Match 39119385
Overview
Messages
Build Orders
End
Construct Barracks
Selects Armored Battlegroup
Selects Assault Engineers
Assault Engineer Squad
1⁄4-ton 4x4 Truck
1⁄4-ton 4x4 Truck
Construct Weapon Support Center
Mechanized Support Center
Riflemen Squad
Riflemen Squad
Designate Forward Repair Station
M16 Multiple Gun Motor Carriage
Selects Strength in Steel
Grenade Package
M3 75 mm Gun Motor Carriage
Salvage Crew
M3 75 mm Gun Motor Carriage
Selects Seek and Destroy
Riflemen Squad
Construct Tank Depot
Selects UNKNOWN (2160077)
Rapid Repairs
Selects Field Repairs
Seek and Destroy
Selects War Machine
M4A3E8 Sherman Easy Eight
DD響
Wolfens
LJCQAL
twrealize
一十四叔
springfield
0
0
Comments
sign in to comment!
No comments posted yet!